 Dungeon Crawl Stone Soup version 0.23-a0-326-gb49dddc804 (webtiles) character file.

641 Napalmbreeze the Chopper (level 7, 0/64 HPs)
             Began as a Deep Dwarf Fighter on Oct 15, 2018.
             Was an Initiate of Makhleb.
             Slain by an ogre
             ... wielding a +0 giant club
              (19 damage)
             ... on level 5 of the Dungeon.
             The game lasted 00:14:10 (3718 turns).

Napalmbreeze the Chopper (Deep Dwarf Fighter)       Turns: 3718, Time: 00:14:10

Health: 0/64       AC:  8    Str: 20    XL:     7   Next: 26%
Magic:  2/2        EV: 11    Int:  9    God:    Makhleb [......]
Gold:   288        SH:  0    Dex: 13    Spells: 6/6 levels left

rFire    . . .     SeeInvis .   a - +0 war axe
rCold    . . .     Gourm    .   (no shield)
rNeg     . . .     Faith    .   b - +0 scale mail
rPois    .         Spirit   .   (no helmet)
rElec    .         Reflect  .   (no cloak)
rCorr    .         Harm     .   (no gloves)
MR       +....                  w - +0 pair of boots (curse)
Stlth    ..........             (no amulet)
HPRegen  0.00/turn              (no ring)
MPRegen  0.08/turn              (no ring)

@: non-regenerating
A: damage resistance, heal wounds, sense surroundings 1, no regeneration
a: Heal Wounds, Renounce Religion


You were on level 5 of the Dungeon.
You worshipped Makhleb.
Makhleb was noncommittal.
You were not hungry.

You visited 1 branch of the dungeon, and saw 5 of its levels.

You collected 288 gold pieces.

Inventory:

Hand Weapons
 a - a +0 war axe (weapon)
Missiles
 m - 4 steel tomahawks (quivered)
Armour
 b - a +0 scale mail (worn)
 c - a +0 shield
 w - a cursed +0 pair of boots (worn)
Jewellery
 n - a +4 ring of evasion {unknown}
 t - an uncursed ring of ice {unknown}
 v - an uncursed ring of magical power {unknown}
Wands
 y - a wand of flame (33)
Scrolls
 e - 2 scrolls of amnesia {unknown}
 g - 4 scrolls of identify {unknown}
 h - a scroll of random uselessness {unknown}
 i - a scroll of enchant armour {unknown}
 j - 4 scrolls of magic mapping {unknown}
 l - a scroll of fear {unknown}
 o - a scroll of immolation {unknown}
 p - 8 scrolls of remove curse {unknown}
 q - a scroll of fog {unknown}
 r - 3 scrolls of enchant weapon {unknown}
 z - a scroll of teleportation {unknown}
Potions
 d - 2 potions of might
 k - 3 potions of magic {unknown}
 s - 2 potions of curing {unknown}
 u - 2 potions of agility {unknown}
Comestibles
 f - 11 rations
 x - 3 chunks of flesh


   Skills:
 + Level 4.1 Fighting
 * Level 5.8 Axes
 + Level 5.1 Armour
 + Level 3.5 Dodging
 - Level 3.2 Shields


You had 6 spell levels left.
You didn't know any spells.
Your spell library was empty.

Dungeon Overview and Level Annotations

Branches:
Dungeon (5/15)
 Temple: D:4-7

Altars:
Dithmenos
Makhleb
Wu Jian
Yredelemnul


Innate Abilities, Weirdness & Mutations

You are resistant to damage.
You can heal yourself by infusing magical energy.
You passively map a small area around you.
You do not regenerate.


Message History

The ogre is moderately wounded.
The ogre hits you with a +0 giant club!
Unknown command.
You slash the ogre!
The ogre is severely wounded.
The ogre hits you with a +0 giant club!!
* * * LOW HITPOINT WARNING * * *
Your magical essence is drained by the effort!
You feel much better.
Your magical essence is drained by the effort!
You feel much better. The ogre hits you with a +0 giant club!
You hit the ogre but do no damage.
The ogre is severely wounded.
The ogre hits you with a +0 giant club!
* * * LOW HITPOINT WARNING * * *
A bullfrog skeleton comes into view.
You barely miss the ogre.
The ogre is severely wounded.
The ogre hits you with a +0 giant club!!
You die...

,... , * ###.#..######*
#.# ### #.#
#............. . #..
..#* *
#.###.#Z#.########
.###.# #.. ,*
#.#.>...... ....# #.#*
#(#.#.#r#.## * *#.#.#
#.##### #.........#* *
#.#.###.....# #...###
.## ##..#.##.###.###O..#
.. , * .#.###...#
#...[@$.# .. *
.#....##.#*#.##..$......
,,
...................####!
, ##....##.#.#####...# *
.........#.# #...#
.....##### # ....# *
##.### #...# * #.#
,..... ,, #.# , *


You could see an ogre and a bullfrog skeleton.

Vanquished Creatures
  An ice beast (D:5)
  3 hounds
  An orc priest (D:3)
  A bullfrog skeleton (D:4)
  8 orc wizards
  A worker ant (D:4)
  A hound skeleton (D:4)
  A howler monkey skeleton (D:5)
  8 adders
  3 worms
  3 leopard geckos
  12 orcs
  5 bats
  A giant cockroach (D:1)
  2 goblins (D:2)
  8 hobgoblins
  6 jackals
  A quokka (D:5)
  A ball python skeleton (D:4)
  4 frilled lizards
  5 kobolds
  A leopard gecko skeleton (D:4)
  A quokka skeleton (D:4)
  7 rats
  A spectral orc (D:2)
86 creatures vanquished.

Notes
Turn   | Place    | Note
-------+----------+-------------------------------------------
     0 | D:1      | Napalmbreeze the Deep Dwarf Fighter began the quest for the
                  | Orb.
     0 | D:1      | Reached XP level 1. HP: 20/20 MP: 1/1
   384 | D:1      | Reached XP level 2. HP: 24/27 MP: 2/2
   616 | D:2      | Reached skill level 1 in Dodging
   616 | D:2      | Reached XP level 3. HP: 29/33 MP: 3/3
   921 | D:2      | Found a shadowy altar of Dithmenos.
   932 | D:2      | Reached XP level 4. HP: 21/42 MP: 4/4
  1035 | D:2      | Found a basalt altar of Yredelemnul.
  1537 | D:3      | Upgraded the game from 0.23-a0-321-g6bcb69f058 to
                  | 0.23-a0-326-gb49dddc804
  1736 | D:3      | Found an ornate altar of the Wu Jian Council.
  1736 | D:3      | Found a burning altar of Makhleb.
  1895 | D:3      | Became a worshipper of Makhleb the Destroyer
  2401 | D:3      | Reached XP level 5. HP: 30/49 MP: 4/4
  2551 | D:4      | Reached XP level 6. HP: 36/56 MP: 5/5
  2611 | D:4      | Reached skill level 5 in Axes
  3245 | D:5      | Entered Level 5 of the Dungeon
  3483 | D:5      | Reached XP level 7. HP: 32/64 MP: 5/5
  3494 | D:5      | Reached skill level 5 in Armour
  3718 | D:5      | Slain by an ogre

Vault maps used:
D:1:      dpeg_arrival_boxorama, hangedman_decor_growths
D:2:      yredelemnul_forgotten_temple_becter, first_ration,
          grunt_dithmenos_smoke_and_mirrors
D:3:      gammafunk_temple_overflow_elements
D:4:      chequers_decorated_corner
D:5:      eat_drink_and_be_merry_uskayaw

Skill      XL: |  1  2  3  4  5  6  7 |
---------------+----------------------+-----
Axes           | 3 4 5 |  5.8
Dodging        | 1 2 3 |  3.5
Fighting       | 3 4 |  4.1
Armour         | 4 5 |  5.1
Shields        | |  3.2

Action                   |  1- 3 |  4- 6 |  7- 9 || total
-------------------------+-------+-------+-------++-------
Melee: War axe           |    88 |   189 |    31 ||   308
Throw: Tomahawk          |     1 |       |       ||     1
 Abil: Heal Wounds       |       |     5 |     4 ||     9
  Eat: Chunk             |       |     8 |     1 ||     9
Armor: Scale mail        |    49 |   124 |    13 ||   186
Dodge: Dodged            |    56 |   130 |    15 ||   201

Table legend:
 A = Non-vault XP
 B = Vault XP
 C = Vault XP percentage of total XP
 D = Non-vault monster count
 E = Vault monster count
 F = Vault count percentage of total count
                 A         B        C        D         E       F
            +---------+---------+-------+---------+---------+-------
      Total |     915 |       1 |   0.1 |      85 |       1 |   1.2
            +---------+---------+-------+---------+---------+-------
        D:1 |      12 |       0 |   0.0 |       7 |       0 |   0.0
        D:2 |      92 |       1 |   1.1 |      20 |       1 |   4.8
        D:3 |     166 |       0 |   0.0 |      21 |       0 |   0.0
        D:4 |     392 |       0 |   0.0 |      27 |       0 |   0.0
        D:5 |     253 |       0 |   0.0 |      10 |       0 |   0.0
            +---------+---------+-------+---------+---------+-------
